 Dungeon Crawl Stone Soup version 0.25.0-26-g0c896c7088 (console) character file.

Game seed: 5859618547205683396

137 Colgate the Charmwright (level 5, -2/43 HPs)
             Began as a Gnoll Skald on July 2, 2020.
             Killed by divine providence
             ... invoked by an orc priest
              (14 damage)
             ... on level 3 of the Dungeon.
             The game lasted 00:23:42 (2423 turns).

Colgate the Charmwright (Gnoll Skald)               Turns: 2423, Time: 00:23:42

Health: -2/43      AC:  7    Str: 14    XL:     5   Next: 20%
Magic:  12/12      EV: 13    Int: 15    God:
Gold:   151        SH:  0    Dex: 15    Spells: 9/14 levels left

rFire    + . .     SeeInvis .   K - -2 mace (curse)
rCold    . . .     Gourm    .   (no shield)
rNeg     . . .     Faith    .   x - +0 ring mail
rPois    .         Spirit   .   (no helmet)
rElec    .         Reflect  .   J - +1 cloak {rCorr}
rCorr    +         Harm     .   (no gloves)
MR       .....                  (no boots)
Stlth    +.........             (no amulet)
HPRegen  0.14/turn              g - ring of protection from fire
MPRegen  0.13/turn              (no ring)

@: no status effects
A: distributed training, fangs 1, strong nose
a: no special abilities


You were on level 3 of the Dungeon.
You were not hungry.

You visited 1 branch of the dungeon, and saw 3 of its levels.

You collected 151 gold pieces.

Inventory:

Hand Weapons
 a - a +0 spear
 B - a +0 mace
 C - a +0 mace
 D - a +0 mace
 E - a +0 mace
 F - a -2 mace
 G - a +0 mace
 I - a +4 quarterstaff of chaos
 K - a cursed -2 mace (weapon)
 L - a +0 mace
 M - a +0 mace
 N - a cursed -3 mace
 O - a +0 mace
 P - a +0 mace
 Q - a +0 mace
 R - a +0 mace
Missiles
 c - 88 arrows
 i - 112 stones
 j - 45 sling bullets
 z - 20 bolts
 A - a silver javelin (quivered)
Armour
 b - a +0 leather armour
 m - a +0 chain mail
 s - a +0 ring mail
 u - a +0 scale mail
 v - a +0 ring mail
 w - a +0 leather armour
 x - a +0 ring mail (worn)
 J - a +1 cloak of preservation (worn)
Jewellery
 g - a ring of protection from fire (left hand)
Scrolls
 e - a scroll of random uselessness {unknown}
 h - 2 scrolls of teleportation {unknown}
 l - 2 scrolls of enchant weapon
 o - a scroll of fear {unknown}
 q - 2 scrolls of magic mapping
 r - a scroll of identify
 t - a scroll of amnesia {unknown}
 y - a scroll of blinking {unknown}
Potions
 n - a potion of brilliance {unknown}
 p - 5 potions of curing
 H - a potion of mutation {unknown}
Comestibles
 d - 6 rations
 f - a chunk of flesh


   Skills:
 + Level 4.7 Fighting
 + Level 1.3 Short Blades
 + Level 1.3 Long Blades
 + Level 1.3 Axes
 + Level 1.3 Maces & Flails
 + Level 4.7 Polearms
 + Level 1.3 Staves
 + Level 1.3 Slings
 + Level 1.3 Bows
 + Level 1.3 Crossbows
 + Level 1.3 Throwing
 + Level 2.9 Armour
 + Level 4.7 Dodging
 + Level 1.3 Stealth
 + Level 1.3 Shields
 + Level 1.3 Unarmed Combat
 + Level 5.1 Spellcasting
 + Level 1.1 Conjurations
 + Level 1.1 Hexes
 + Level 5.5 Charms
 + Level 1.1 Summonings
 + Level 1.1 Necromancy
 + Level 1.1 Translocations
 + Level 1.1 Transmutations
 + Level 1.1 Fire Magic
 + Level 1.1 Ice Magic
 + Level 1.1 Air Magic
 + Level 1.1 Earth Magic
 + Level 1.1 Poison Magic
 + Level 1.5 Invocations
 + Level 1.3 Evocations


You had 9 spell levels left.
You knew the following spells:

 Your Spells              Type           Power        Failure   Level  Hunger
a - Infusion              Chrm           ###.         3%          1    None
b - Song of Slaying       Chrm           ###.....     4%          2    ##.....
c - Shroud of Golubria    Chrm/Tloc      ##....       12%         2    ##.....

Your spell library contained the following spells:

 Spells                   Type           Power        Failure   Level  Hunger
 Ozocubu's Armour         Chrm/Ice       ##......     24%         3    ###....
 Spectral Weapon          Hex/Chrm       ##......     24%         3    ###....


Dungeon Overview and Level Annotations

Branches:
Dungeon (3/15)

Altars:


Innate Abilities, Weirdness & Mutations

Your experience applies equally to all skills.
You have very sharp teeth.
Your uncanny sense of smell can sniff out nearby items.


Message History

You are too injured to fight recklessly!
You are too injured to fight recklessly!
You are too injured to fight recklessly!
You are too injured to fight recklessly!
You are too injured to fight recklessly!
You are too injured to fight recklessly!
You are too injured to fight recklessly!
You are too injured to fight recklessly!
You are too injured to fight recklessly!
You are too injured to fight recklessly!
You are too injured to fight recklessly!
You are too injured to fight recklessly!
You are too injured to fight recklessly!
You are too injured to fight recklessly!
You hit the orc.
The orc is moderately wounded.
The orc closely misses you.
The orc priest invokes the aid of Beogh against you.
Beogh smites you!
You die...

...###.###..#
............#
..#.#.#..##.#
..#.#...###)####
...#.##........#
..###.#..#####.#
.## #...#
#.######## ..
#.#..#
#........g .. .
#..# #..#.#####
# .#####..#g###
.......o@go.#
.#...##ooo..#
#.....o.o#?.#
##...##o#_#.#
##. #..#..# ..
... . # . ... .
...


You could see an orc priest, 2 orc wizards, 5 orcs, a hobgoblin and a goblin.

Vanquished Creatures
  Crazy Yiuf (D:2)
  4 adders
  An ooze (D:1)
  3 dart slugs (D:2)
  3 leopard geckos
  An orc (D:3)
  5 bats
  A giant cockroach (D:2)
  9 goblins
  6 hobgoblins
  2 jackals (D:3)
  7 kobolds
  A quokka (D:2)
  2 ball pythons
  3 frilled lizards
  9 rats
58 creatures vanquished.

Notes
Turn   | Place    | Note
-------+----------+-------------------------------------------
     0 | D:1      | Colgate the Gnoll Skald began the quest for the Orb.
     0 | D:1      | Reached XP level 1. HP: 20/20 MP: 6/6
   126 | D:1      | Reached XP level 2. HP: 25/26 MP: 7/7
   548 | D:1      | Reached XP level 3. HP: 31/31 MP: 3/9
   549 | D:1      | Reached skill level 5 in Spellcasting
   941 | D:1      | Learned a level 2 spell: Song of Slaying
   944 | D:1      | Learned a level 2 spell: Shroud of Golubria
  1087 | D:2      | Reached skill level 1 in Invocations
  1232 | D:2      | Reached skill level 1 in Short Blades
  1232 | D:2      | Reached skill level 1 in Long Blades
  1232 | D:2      | Reached skill level 1 in Axes
  1232 | D:2      | Reached skill level 1 in Maces & Flails
  1232 | D:2      | Reached skill level 1 in Staves
  1232 | D:2      | Reached skill level 1 in Slings
  1232 | D:2      | Reached skill level 1 in Bows
  1232 | D:2      | Reached skill level 1 in Crossbows
  1232 | D:2      | Reached skill level 1 in Throwing
  1232 | D:2      | Reached skill level 1 in Stealth
  1232 | D:2      | Reached skill level 1 in Shields
  1232 | D:2      | Reached skill level 1 in Unarmed Combat
  1232 | D:2      | Reached skill level 1 in Evocations
  1232 | D:2      | Reached XP level 4. HP: 38/38 MP: 2/11
  1950 | D:2      | Reached skill level 1 in Conjurations
  1950 | D:2      | Reached skill level 1 in Hexes
  1950 | D:2      | Reached skill level 1 in Summonings
  1950 | D:2      | Reached skill level 1 in Necromancy
  1950 | D:2      | Reached skill level 1 in Translocations
  1950 | D:2      | Reached skill level 1 in Transmutations
  1950 | D:2      | Reached skill level 1 in Fire Magic
  1950 | D:2      | Reached skill level 1 in Ice Magic
  1950 | D:2      | Reached skill level 1 in Air Magic
  1950 | D:2      | Reached skill level 1 in Earth Magic
  1950 | D:2      | Reached skill level 1 in Poison Magic
  2004 | D:2      | Found a runed translucent door.
  2005 | D:2      | Noticed Crazy Yiuf
  2030 | D:2      | Killed Crazy Yiuf
  2030 | D:2      | Reached XP level 5. HP: 19/43 MP: 4/12
  2409 | D:3      | Found a faded altar of an unknown god.
  2423 | D:3      | Killed from afar by an orc priest

Illustrated notes

Levels and vault maps discovered:
D:1:      zelgadis_glass_arrival_small, layout_loops_ring
D:2:      minmay_door_path, layout_rooms, first_ration, uniq_crazy_yiuf_cottage
D:3:      layout_loops_ring, lemuel_doored_altar,
          chequers_ecumenical_altar_simple

Skill      XL: |  1  2  3  4 |
---------------+-------------+-----
Spellcasting   | 5 |  5.1
Invocations    | 1 |  1.5
Short Blades   | 1 |  1.3
Long Blades    | 1 |  1.3
Axes           | 1 |  1.3
Maces & Flails | 1 |  1.3
Staves         | 1 |  1.3
Slings         | 1 |  1.3
Bows           | 1 |  1.3
Crossbows      | 1 |  1.3
Throwing       | 1 |  1.3
Stealth        | 1 |  1.3
Shields        | 1 |  1.3
Unarmed Combat | 1 |  1.3
Evocations     | 1 |  1.3
Conjurations   | 1 |  1.1
Hexes          | 1 |  1.1
Summonings     | 1 |  1.1
Necromancy     | 1 |  1.1
Translocations | 1 |  1.1
Transmutations | 1 |  1.1
Fire Magic     | 1 |  1.1
Ice Magic      | 1 |  1.1
Air Magic      | 1 |  1.1
Earth Magic    | 1 |  1.1
Poison Magic   | 1 |  1.1
Fighting       | |  4.7
Polearms       | |  4.7
Armour         | |  2.9
Dodging        | |  4.7
Charms         | |  5.5

Action                   |  1- 3 |  4- 6 || total
-------------------------+-------+-------++-------
Melee: Spear             |    76 |    36 ||   112
       Bite              |       |     6 ||     6
       Mace              |       |    34 ||    34
Throw: Stone             |    54 |    18 ||    72
       Javelin           |       |     6 ||     6
 Cast: Infusion          |    11 |     5 ||    16
       Shroud of Golubri |       |     1 ||     1
  Use: Scroll            |       |     5 ||     5
  Eat: Chunk             |     1 |     4 ||     5
Armor: Leather armour    |     6 |       ||     6
       Scale mail        |     6 |     7 ||    13
       Ring mail         |       |    13 ||    13
Dodge: Dodged            |    24 |    61 ||    85
